Description

Vibe's B2GM Game 2 ZvR speedling v Voids

VOD

https://www.youtube.com/watch?v=DyVbfEPW_Pg&list=PLFeZeom2b4Dlh0ODA1b0Emdpxys8WNRv3&index=17

Replay - Diamond 3 - ZvP - Game 2

Build Order

Get SALT Encoding   

  12  0:00  Drone  
  13  0:13  Overlord  
  13  0:19  Drone  
  14  0:32  Drone x2  
  16  0:45  Drone  
  17  0:55  Hatchery  
  16  0:59  Drone x2  
  18  1:13  Extractor  
  18  1:16  Spawning Pool  
  18  1:17  Drone  
  17  1:23  Drone  
  18  1:29  Drone  
  19  1:40  Overlord  
  20  2:05  Queen x2  
  27  2:17  Metabolic Boost  
  30  2:34  Overlord  
  30  2:41  Zergling x2  
  31  2:48  Queen  
  31  2:51  Zergling x4  
  34  2:52  Hatchery  
  36  3:14  Overlord  
  36  3:21  Overlord  
  36  3:31  Queen  
  52  4:17  Lair  
  52  4:23  Roach Warren  
  57  4:34  Zergling x10  
  72  5:06  Extractor x5  
  79  5:23  Hydralisk Den  
  81  5:43  Roach x9  
  99  6:00  Grooved Spines, Evolution Chamber x2  
  99  6:04  Glial Reconstitution  
  100  6:28  Zerg Missile Weapons Level 1, Zerg Ground Armor Level 1  
  100  6:29  Hydralisk x3  
  100  6:30  Zergling x4  
  100  6:32  Hatchery  
  112  6:42  Hydralisk x4  
  127  7:11  Muscular Augments  
  133  7:31  Hydralisk x3  
  143  7:42  Infestation Pit  
  143  7:52  Extractor x2  
  163  8:01  Hatchery  
  200  8:57  Hive  
  200  9:03  Zerg Ground Armor Level 2, Zerg Missile Weapons Level 2  
Spawning Tool Build Advisor. Get it on Overwolf

Go to:

Details

  • Created by: lkojr89
  • Published on: Jun 21, 2024
  • Modified on: Jun 21, 2024
  • Patch: 5.0.11
  • Difficulty: Medium
Show
View Real Time Build Order
Export as new Build Order

Comments (0)

There are no comments. Be the first!

Create an account to comment!